Map: Inside and Out

Players

cure - Winner!

  • Race: Terran Terran
  • Spawn Location: 1:00

Lambo

  • Race: Zerg Zerg
  • Spawn Location: 7:00

VOD

Have the link to the VOD?

Description

Time

  • Played on: Oct. 23, 2022, 9:16 p.m.
  • Length: 13:58
Show
View Real Time Build Order
Export as new Build Order

cure Terran - Winner!

Build Orders: Reaper Expand 

Get SALT Encoding   

  12  0:00  SCV  
  13  0:12  SCV  
  14  0:17  Supply Depot  
  14  0:25  SCV  
  15  0:39  SCV, Barracks  
  16  0:42  Refinery  
  16  0:51  SCV  
  17  1:03  SCV  
  18  1:15  SCV  
  19  1:26  Reaper  
  19  1:27  Orbital Command  
  20  1:38  Command Center  
  20  1:48  Supply Depot  
  20  1:53  SCV  
  21  1:58  Marine  
  22  2:05  SCV  
  22  2:08  Factory  
  23  2:16  Marine  
  23  2:17  SCV  
  25  2:23  Refinery  
  25  2:29  SCV  
  26  2:34  Barracks Reactor  
  26  2:41  SCV  
  26  2:50  Bunker  
  26  2:52  Factory Tech Lab  
  26  2:55  SCV  
  27  3:02  Orbital Command  
  27  3:09  SCV  
  27  3:11  Cyclone, Marine x2  
  33  3:23  Starport  
  33  3:25  SCV  
  34  3:29  Marine x2  
  36  3:37  SCV  
  36  3:38  SCV  
  35  3:49  SCV  
  35  3:50  SCV  
  35  4:02  SCV x2  
  37  4:04  Supply Depot  
  37  4:12  Barracks Tech Lab  
  37  4:14  SCV  
  37  4:15  Supply Depot  
  38  4:26  SCV, Hellion x2  
  38  4:27  Supply Depot  
  38  4:29  Cloaking Field  
  38  4:30  Banshee  
  46  4:37  SCV  
  46  4:38  SCV  
  48  4:39  Supply Depot  
  48  4:47  Hellion x2  
  48  4:49  SCV  
  48  4:50  SCV  
  54  5:02  Supply Depot  
  45  5:08  SCV x2  
  45  5:10  Command Center  
  45  5:12  Banshee  
  49  5:15  Marine  
  49  5:16  Stimpack  
  49  5:20  SCV x2  
  52  5:24  Factory Reactor  
  52  5:29  Barracks  
  52  5:32  SCV  
  52  5:33  SCV, Marine  
  52  5:34  Barracks  
  55  5:43  Engineering Bay  
  55  5:44  Engineering Bay, SCV  
  55  5:45  SCV  
  57  5:51  Marine  
  57  5:57  SCV x2  
  60  6:04  Starport Reactor  
  60  6:08  Refinery  
  60  6:09  SCV x2, Refinery  
  62  6:12  Terran Infantry Armor Level 1, Terran Infantry Weapons Level 1  
  62  6:17  Marine x2  
  64  6:18  Barracks, Marine  
  64  6:20  Barracks  
  64  6:22  Orbital Command  
  64  6:25  SCV x2  
  67  6:34  Siege Tank  
  67  6:35  Marine x2  
  67  6:36  Marine  
  67  6:37  SCV  
  74  6:43  Medivac x2  
  78  6:47  Orbital Command  
  78  6:50  SCV x2  
  80  6:54  Marine x4  
  80  6:55  Marine  
  80  6:57  Supply Depot  
  80  6:59  Combat Shield  
  85  7:02  Armory  
  85  7:05  SCV x2  
  85  7:08  Barracks Reactor x2  
  87  7:13  SCV  
  88  7:19  Marine x4  
  88  7:20  Marine  
  88  7:22  SCV x2  
  95  7:25  SCV  
  95  7:26  Supply Depot, Siege Tank  
  99  7:30  Supply Depot  
  99  7:31  Supply Depot  
  99  7:37  Marine x2  
  101  7:47  Marine x3  
  101  7:48  SCV, Medivac x2  
  109  7:51  SCV x2  
  109  7:53  Barracks  
  109  7:54  Barracks  
  109  7:55  Barracks  
  109  7:58  Supply Depot x2  
  111  8:00  Marine x5  
  116  8:06  Siege Tank  
  116  8:11  Marine x4  
  122  8:12  Terran Infantry Weapons Level 2  
  122  8:21  Terran Infantry Armor Level 2  
  122  8:27  Marine x5  
  122  8:29  SCV, Marine  
  122  8:30  SCV x2  
  122  8:32  Refinery  
  131  8:40  Barracks Reactor  
  131  8:41  Supply Depot, Barracks Reactor  
  131  8:42  Supply Depot  
  131  8:45  Marine x2  
  131  8:46  Marine x2  
  135  8:51  Siege Tank, Marine x2  
  135  8:52  Marine  
  141  9:03  Medivac x2  
  141  9:05  Supply Depot  
  141  9:07  Supply Depot  
  141  9:08  Marine  
  141  9:09  Barracks Reactor  
  136  9:19  Marine x3  
  136  9:20  Marine x2  
  136  9:23  Siege Tank  
  144  9:24  Marine x5  
  144  9:29  Marine x3  
  152  9:32  Supply Depot  
  152  9:37  Marine x5  
  157  9:42  Marine x3  
  159  9:48  Marine x4  
  159  9:51  Marine x3  
  165  9:54  Medivac x2  
  165  9:55  Marine x3  
  165  9:56  Siege Tank  
  165  9:57  Supply Depot  
  174  10:00  Marine x2  
  174  10:01  Supply Depot  
  174  10:04  Supply Depot, Marine x2  
  157  10:19  Marine x6  
  162  10:32  Marine x2  
  162  10:33  Marine x2  
  166  10:50  Marine x4  
  130  11:00  Marine x6  
  130  11:02  Siege Tank  
  108  11:08  Marine x6  
  108  11:11  Marine x3  
  114  11:18  Marine x6  
  117  11:25  Marine x2  
  117  11:26  Marine x2  
  117  11:28  Liberator x2  
  117  11:30  Marine x4  
  123  11:34  Siege Tank  
  123  11:36  Marine x6  
  132  11:50  Marine x8  
  140  11:54  Sensor Tower  
  140  11:59  Marine x4  
  140  12:00  Marine  
  145  12:06  Siege Tank  
  148  12:10  Marine x4  
  152  12:22  Marine x6  
  158  12:34  Liberator x2  
  158  12:36  Marine x8  
  171  12:38  Siege Tank  
  174  12:46  Marine x4  
  174  12:50  Supply Depot  
  178  13:00  Marine x2  
  178  13:01  Marine x2  
  178  13:02  Marine x4  
  178  13:03  Marine x2  
  169  13:08  Marine x4  
  147  13:22  Marine x2  
  147  13:23  Marine x2  
  147  13:24  Siege Tank  
  142  13:34  Marine x2  
  142  13:35  Marine x4  
  142  13:38  Marine x4  
  142  13:40  Marine  
Show
View Real Time Build Order
Export as new Build Order

Lambo Zerg 

Build Orders: Pool First 

Get SALT Encoding   

  12  0:00  Drone  
  13  0:13  Overlord  
  13  0:17  Drone  
  14  0:31  Drone x2  
  14  0:35  Drone  
  17  0:43  Spawning Pool  
  17  0:47  Drone  
  17  1:07  Hatchery  
  17  1:09  Drone  
  17  1:12  Extractor  
  17  1:15  Drone  
  17  1:30  Zergling x4  
  17  1:32  Roach Warren  
  18  1:39  Drone  
  19  1:47  Queen  
  19  1:53  Overlord  
  21  2:18  Roach x2  
  21  2:20  Roach  
  27  2:27  Roach  
  28  2:30  Roach  
  28  2:33  Queen  
  32  2:46  Drone, Overlord  
  33  2:52  Ravager  
  33  2:53  Drone x2  
  36  3:04  Drone x3  
  38  3:10  Drone x2  
  38  3:12  Drone  
  41  3:15  Drone  
  42  3:22  Drone  
  43  3:32  Drone  
  43  3:33  Drone  
  43  3:37  Metabolic Boost  
  41  3:42  Drone x2  
  43  3:52  Drone x2  
  43  3:54  Overlord  
  43  3:55  Drone  
  41  4:00  Hatchery  
  38  4:03  Queen  
  38  4:06  Overlord  
  38  4:09  Overlord  
  40  4:14  Queen  
  42  4:21  Drone  
  43  4:24  Zergling x2  
  43  4:25  Zergling x8  
  43  4:28  Zergling x4  
  43  4:29  Zergling x2  
  51  4:33  Drone  
  52  4:39  Queen  
  52  4:40  Drone x2  
  56  4:48  Zergling x6  
  59  5:02  Queen, Hatchery  
  59  5:03  Drone  
  59  5:05  Drone  
  59  5:12  Overlord  
  59  5:17  Spore Crawler  
  57  5:22  Spore Crawler  
  57  5:23  Drone x5  
  57  5:27  Overlord  
  60  5:28  Lair  
  60  5:32  Drone x4  
  64  5:37  Drone  
  64  5:39  Queen  
  64  5:41  Drone  
  68  5:45  Evolution Chamber  
  68  5:46  Drone  
  68  5:48  Evolution Chamber  
  68  5:49  Drone x3, Extractor  
  69  5:51  Drone x4  
  73  5:59  Drone  
  73  6:00  Spore Crawler  
  73  6:02  Drone  
  74  6:05  Extractor  
  74  6:09  Drone  
  74  6:10  Baneling Nest  
  73  6:14  Drone  
  73  6:15  Drone  
  73  6:17  Zerg Ground Armor Level 1  
  73  6:18  Drone x3  
  78  6:20  Drone x3  
  78  6:22  Drone  
  82  6:27  Spore Crawler  
  82  6:32  Overseer  
  82  6:33  Overlord  
  82  6:37  Overlord  
  82  6:38  Zerg Melee Weapons Level 1  
  82  6:41  Overlord  
  82  6:45  Zergling x2, Extractor  
  82  6:46  Overlord  
  82  6:49  Hatchery, Overlord  
  82  6:53  Centrifugal Hooks  
  81  6:54  Overlord  
  81  6:57  Drone  
  81  7:00  Zergling x8  
  86  7:02  Drone  
  86  7:06  Zergling x6  
  90  7:11  Zergling x4  
  90  7:13  Spore Crawler  
  91  7:16  Zergling x2, Hatchery  
  91  7:17  Zergling x2  
  91  7:20  Zergling x2  
  91  7:21  Zergling x4  
  95  7:23  Zergling x4  
  95  7:26  Zergling x6  
  95  7:27  Baneling x3  
  100  7:30  Zergling x4  
  100  7:33  Zergling x4  
  103  7:38  Drone  
  103  7:43  Overseer  
  104  7:45  Drone x5  
  104  7:46  Drone x2  
  104  7:50  Zergling x2  
  104  7:51  Baneling x2  
  112  7:57  Zergling x4  
  114  8:03  Zergling x8  
  117  8:11  Drone x3  
  117  8:12  Hatchery  
  116  8:14  Zergling x8  
  116  8:15  Zergling x10  
  123  8:20  Drone  
  123  8:26  Zergling x6  
  123  8:27  Zerg Ground Armor Level 2  
  123  8:31  Drone x2  
  125  8:35  Baneling x6  
  125  8:41  Zergling x16  
  133  8:44  Overlord  
  133  8:45  Overlord  
  132  8:49  Overlord  
  132  8:51  Overlord x2  
  132  8:53  Zerg Melee Weapons Level 2  
  132  8:54  Overlord  
  132  8:56  Infestation Pit  
  132  8:58  Overlord  
  132  8:59  Overlord  
  130  9:03  Baneling  
  130  9:04  Baneling x5  
  130  9:05  Overlord  
  130  9:06  Zergling x14  
  130  9:07  Baneling x2  
  130  9:09  Zergling x8  
  141  9:13  Zergling x10  
  143  9:17  Zergling x12  
  143  9:21  Drone x3  
  151  9:25  Zergling x4  
  151  9:27  Baneling x6  
  151  9:28  Overseer  
  151  9:30  Zergling x4  
  155  9:37  Drone x3  
  158  9:40  Zergling x10  
  158  9:43  Baneling x5  
  158  9:45  Overlord  
  161  9:47  Hatchery  
  161  9:48  Zergling x8  
  161  9:50  Zergling x4  
  166  9:57  Zergling x10  
  166  9:58  Zergling x6  
  166  9:59  Zergling x2  
  171  10:00  Zergling x2  
  171  10:06  Zergling x14  
  171  10:07  Zergling x2  
  177  10:13  Zergling x14  
  174  10:18  Hive  
  174  10:21  Zergling x8  
  173  10:22  Baneling x3  
  173  10:25  Zergling x2  
  173  10:29  Zergling x6  
  173  10:33  Baneling x5  
  173  10:34  Zergling x12  
  182  10:39  Zergling x10  
  182  10:40  Baneling x3  
  183  10:45  Zergling x6  
  183  10:51  Zergling x8  
  126  10:59  Zergling x12  
  126  11:00  Zergling x6  
  110  11:04  Zergling x10  
  110  11:07  Zergling x4  
  110  11:08  Baneling  
  110  11:09  Baneling x13  
  110  11:11  Baneling x3  
  113  11:14  Zergling x8  
  113  11:17  Zergling x4  
  115  11:21  Zergling x6  
  115  11:24  Zergling x2  
  113  11:26  Zergling x2  
  113  11:29  Queen  
  113  11:31  Zergling x10  
  113  11:32  Baneling x5  
  118  11:34  Zergling x4  
  118  11:36  Zergling x8  
  122  11:40  Adrenal Glands  
  122  11:45  Zergling x10  
  122  11:51  Viper x2  
  128  11:54  Zergling x8  
  128  11:57  Baneling x2  
  128  11:58  Baneling x2  
  128  12:00  Zergling x10  
  137  12:03  Queen  
  137  12:04  Zergling x2  
  137  12:05  Zergling x4  
  132  12:10  Zergling x6  
  132  12:13  Ultralisk Cavern  
  131  12:19  Zergling x6  
  133  12:23  Zergling x8  
  133  12:28  Queen x2  
  133  12:29  Zergling x8  
  145  12:33  Zergling x6  
  145  12:35  Baneling x5  
  148  12:37  Zergling x4  
  148  12:39  Zergling x4  
  148  12:41  Baneling x3  
  152  12:45  Zergling x8  
  152  12:51  Zergling x4  
  158  12:53  Baneling  
  158  12:54  Zergling x6  
  158  12:57  Zergling x10  
  166  13:03  Zergling x6  
  166  13:05  Zergling x4  
  120  13:10  Zergling x6  
  106  13:14  Zergling x2  
  106  13:15  Baneling x12  
  106  13:18  Zergling x4  
  107  13:21  Zergling x4, Baneling x7  
  107  13:25  Baneling x4  
  107  13:27  Zergling x6  
  107  13:28  Zergling x4  
  95  13:36  Zergling x8  
  95  13:39  Zergling x4  
Tags
 
Add a new tag
Caveats
  • Supply blocks, unpowered buildings, or Contaminate may cause inaccurate times.
  • Supply counts are checked every 10 seconds.